Map: Polka LE

Players

qqq - Winner!

  • Race: Zerg Zerg
  • Spawn Location: 5:00

Massa - Winner!

  • Race: Terran Terran
  • League: Platinum
  • Spawn Location: 5:00

BalsaMiKe

  • Race: Protoss Protoss
  • League: Diamond
  • Spawn Location: 11:00

PiouMiKe

  • Race: Zerg Zerg
  • Spawn Location: 11:00

VOD

Have the link to the VOD?

Description

Time

  • Played on: Oct. 23, 2020, 5:26 p.m.
  • Length: 15:23
Show
View Real Time Build Order
Export as new Build Order

qqq Zerg - Winner!

Build Orders: Hatch First, Brood Lord Corruptor 

Get SALT Encoding   

  12  0:01  Drone  
  13  0:08  Drone  
  14  0:38  Hatchery  
  14  0:57  Drone, Spawning Pool  
  13  1:06  Overlord  
  13  1:07  Drone  
  14  1:13  Extractor  
  14  1:15  Drone  
  14  1:26  Drone  
  15  1:35  Drone  
  16  1:46  Drone  
  17  1:50  Queen  
  17  1:52  Drone  
  20  2:02  Drone  
  21  2:11  Drone  
  21  2:12  Queen  
  21  2:14  Drone x2  
  26  2:21  Overlord  
  26  2:26  Drone  
  27  2:31  Metabolic Boost  
  27  2:35  Drone  
  28  2:43  Drone, Zergling x2  
  30  2:46  Drone  
  31  2:59  Drone  
  31  3:05  Drone, Lair  
  32  3:06  Drone  
  32  3:08  Drone x2  
  32  3:10  Overlord  
  36  3:13  Extractor  
  36  3:15  Drone  
  36  3:20  Overlord  
  36  3:30  Zergling x2  
  36  3:32  Drone x2  
  39  3:39  Extractor, Overlord  
  39  3:40  Drone  
  39  3:47  Drone x3  
  42  3:51  Drone  
  42  3:53  Zergling x2, Overlord x2  
  42  3:54  Overlord  
  44  4:04  Drone, Spire  
  44  4:06  Drone  
  45  4:12  Drone  
  45  4:13  Extractor  
  45  4:23  Drone x3  
  48  4:32  Overlord  
  48  4:33  Zergling x4  
  48  4:34  Hatchery  
  49  4:42  Drone x2  
  51  4:46  Drone x3  
  54  4:55  Spore Crawler  
  54  4:56  Drone  
  54  5:00  Drone, Spore Crawler  
  54  5:17  Mutalisk x4  
  62  5:23  Zerg Flyer Weapons Level 1  
  62  5:26  Mutalisk  
  64  5:28  Mutalisk  
  64  5:33  Mutalisk  
  64  5:34  Hatchery  
  64  5:35  Mutalisk  
  67  5:36  Overlord  
  69  5:45  Corruptor  
  69  5:49  Drone  
  72  6:06  Mutalisk x2  
  72  6:11  Drone x2  
  78  6:19  Mutalisk  
  78  6:20  Drone  
  81  6:36  Drone  
  82  6:56  Corruptor x3  
  82  6:57  Hatchery, Corruptor x2  
  91  7:01  Drone x2  
  91  7:02  Drone x3  
  96  7:25  Corruptor x3  
  96  7:28  Drone x4  
  106  7:47  Zerg Flyer Armor Level 1  
  106  7:50  Drone  
  107  7:52  Infestation Pit, Overlord x2  
  107  7:53  Drone x4  
  107  7:54  Drone  
  107  7:56  Extractor x2, Spore Crawler  
  107  7:58  Spine Crawler  
  107  8:00  Spore Crawler  
  107  8:01  Extractor, Spine Crawler, Drone  
  105  8:17  Mutalisk x3  
  105  8:19  Drone x5  
  116  8:25  Corruptor  
  116  8:35  Hatchery  
  108  8:49  Drone x8  
  108  8:50  Mutalisk x2  
  116  8:56  Corruptor  
  116  9:02  Drone  
  119  9:04  Hatchery  
  119  9:06  Hatchery  
  119  9:09  Extractor  
  116  9:13  Hive  
  116  9:25  Corruptor  
  116  9:26  Corruptor  
  116  9:29  Corruptor  
  122  9:34  Drone x3  
  125  9:42  Drone  
  125  9:43  Overlord x2  
  125  9:44  Overlord x8  
  125  9:45  Overlord x4  
  126  9:49  Hatchery  
  119  10:11  Hatchery  
  118  10:28  Drone x3  
  120  10:29  Drone x7  
  120  10:34  Mutalisk x4  
  136  10:36  Drone x6  
  136  10:37  Corruptor x7  
  153  10:52  Drone x2  
  139  10:57  Corruptor x3  
  139  10:58  Corruptor  
  139  11:00  Drone x4  
  151  11:08  Greater Spire  
  151  11:16  Extractor, Spine Crawler x3  
  151  11:17  Drone x3  
  151  11:18  Drone x4, Extractor  
  153  11:21  Spine Crawler, Spore Crawler  
  153  11:22  Spine Crawler  
  142  11:49  Drone  
  142  11:50  Drone x4  
  142  11:51  Drone x3, Spine Crawler x3  
  145  11:59  Corruptor x5  
  143  12:02  Corruptor  
  143  12:17  Drone x5  
  143  12:18  Drone x5  
  149  12:35  Brood Lord x3  
  149  12:36  Brood Lord x5  
  163  12:37  Brood Lord  
  163  12:42  Mutalisk  
  167  12:45  Zergling x8  
  167  12:46  Zergling x2  
  167  12:50  Extractor  
  171  12:55  Mutalisk  
  173  12:58  Mutalisk x2  
  177  13:24  Mutalisk x5  
  174  14:01  Mutalisk  
  174  14:02  Mutalisk x5  
  186  14:16  Corruptor x2  
  188  14:17  Corruptor x3  
  188  14:18  Corruptor  
Show
View Real Time Build Order
Export as new Build Order

Massa Terran - Winner!

Build Orders: Reaper Expand 

Get SALT Encoding   

  12  0:02  SCV  
  13  0:14  SCV  
  14  0:26  SCV, Supply Depot  
  15  0:41  Refinery  
  15  0:47  SCV  
  15  0:49  Barracks  
  16  0:59  SCV  
  17  1:11  SCV  
  18  1:24  SCV  
  19  1:36  Orbital Command  
  19  1:38  Reaper  
  20  1:48  Command Center  
  20  2:03  SCV  
  21  2:10  Marine  
  22  2:18  SCV  
  22  2:19  Supply Depot  
  23  2:26  Supply Depot  
  23  2:29  Barracks Reactor  
  23  2:41  SCV  
  24  2:46  Factory  
  24  2:53  SCV  
  26  3:05  SCV  
  26  3:19  Marine x2  
  28  3:21  SCV  
  28  3:22  Orbital Command  
  29  3:29  Refinery  
  29  3:30  Starport  
  29  3:33  SCV  
  30  3:36  Supply Depot  
  30  3:37  Marine x2  
  30  3:39  Engineering Bay  
  32  3:44  Factory Tech Lab  
  32  3:45  SCV  
  32  3:46  Barracks  
  33  3:54  SCV  
  33  3:55  Marine  
  35  3:57  SCV  
  35  4:01  Supply Depot  
  36  4:05  Widow Mine  
  36  4:06  SCV  
  36  4:07  Medivac  
  36  4:09  SCV  
  42  4:10  Marine  
  42  4:12  Marine  
  44  4:26  Widow Mine  
  44  4:27  Marine  
  46  4:58  Liberator  
  46  4:59  Missile Turret  
  49  5:00  Barracks Tech Lab  
  49  5:03  Marine x2  
  51  5:07  Refinery  
  51  5:08  Refinery  
  51  5:09  Missile Turret  
  51  5:11  Missile Turret  
  51  5:20  Marine x2  
  51  5:21  Armory, Missile Turret  
  53  5:25  Command Center  
  53  5:28  Stimpack  
  53  5:29  Barracks  
  53  5:30  Marine  
  53  5:31  Missile Turret  
  54  5:38  SCV x2, Marine x2  
  58  5:50  SCV  
  58  5:51  SCV  
  58  6:03  SCV  
  57  6:31  SCV x2  
  59  6:35  Barracks Tech Lab  
  59  6:43  SCV x2  
  61  6:51  Terran Infantry Weapons Level 1  
  61  6:54  Engineering Bay  
  59  6:55  SCV  
  59  6:56  SCV  
  61  7:07  Combat Shield  
  61  7:20  SCV x2  
  60  7:23  Concussive Shells  
  60  7:25  Marauder x2  
  60  7:26  Marine x2  
  60  7:27  Siege Tank  
  69  7:32  SCV  
  70  7:39  SCV  
  70  7:44  SCV, Marine  
  71  7:45  Supply Depot x2  
  71  7:46  Marauder x2  
  71  7:49  Terran Vehicle Weapons Level 1  
  71  7:50  Missile Turret  
  78  7:51  SCV  
  78  7:52  Medivac  
  78  7:58  SCV  
  81  7:59  Siege Tank  
  81  8:03  SCV  
  85  8:08  Marauder x2  
  85  8:09  Supply Depot  
  85  8:10  SCV, Supply Depot  
  85  8:11  Marine x2  
  92  8:15  SCV  
  93  8:27  Orbital Command  
  93  8:29  SCV x2, Marauder x2, Marine x2  
  101  8:41  SCV x2  
  103  8:46  Starport Reactor, Terran Infantry Weapons Level 2, Marine  
  103  8:47  Terran Infantry Armor Level 1  
  104  8:50  Marauder  
  104  8:51  Marauder  
  104  8:53  SCV x2  
  104  8:55  SCV  
  111  8:57  Command Center  
  111  9:05  SCV x2  
  111  9:07  SCV  
  114  9:19  Refinery  
  114  9:21  Refinery, Barracks  
  114  9:29  Barracks  
  114  9:33  Factory  
  114  9:43  Terran Vehicle And Ship Armor Level 1  
  114  9:46  Supply Depot  
  114  9:47  Supply Depot x2  
  114  9:49  Supply Depot  
  114  10:07  Thor  
  114  10:11  Supply Depot  
  114  10:12  Supply Depot  
  112  10:30  SCV  
  112  10:31  SCV x2  
  115  10:40  Command Center  
  115  10:42  Armory  
  115  10:43  SCV x3  
  118  10:51  Marauder x2  
  118  10:52  Marine x2  
  118  10:55  SCV x3  
  118  10:56  Barracks Tech Lab x2  
  127  11:04  Thor  
  127  11:06  Factory Tech Lab  
  127  11:07  SCV x3  
  127  11:10  Marine x2  
  138  11:12  Marauder x2  
  142  11:27  Marine  
  142  11:28  Marine  
  143  11:33  Marauder  
  143  11:34  Marauder  
  145  11:45  Marine  
  145  11:46  Marine  
  137  11:55  Marauder x2  
  135  12:11  Siege Tank x2  
  135  12:13  Marauder x2, Marine  
  135  12:14  Marine  
  147  12:16  Marauder x2  
  149  12:31  Marine  
  149  12:32  Marine  
  149  12:34  Marauder  
  149  12:35  Marauder  
  153  12:38  Marauder x2  
  153  12:43  Siege Tank x2  
  117  12:49  Marine x2  
  103  12:56  Marauder x2  
  107  12:59  Marauder x2  
  107  13:01  Command Center  
  107  13:05  Terran Infantry Armor Level 2  
  111  13:06  Terran Vehicle And Ship Armor Level 2, Terran Vehicle Weapons Level 2  
  111  13:07  Marine x2  
  111  13:09  Ghost Academy  
  111  13:15  Thor x2  
  111  13:17  Marauder  
  111  13:18  Marauder  
  125  13:20  Marauder, Marine  
  125  13:24  Marine  
  124  13:38  Marauder, Marine x2  
  112  13:42  Marauder  
  112  13:44  Marine x2  
  108  13:54  Command Center  
  108  13:55  SCV  
  108  13:56  SCV x2, Marauder  
  108  13:57  Marauder  
  108  13:58  Orbital Command, Thor  
  108  14:00  Marauder  
  108  14:02  Marine x2  
  124  14:03  Marauder  
  124  14:08  SCV x3  
  130  14:18  Marauder, Marine  
  130  14:20  SCV x3, Marine x3  
  139  14:24  Marauder  
  141  14:32  SCV x3  
  141  14:35  Marine  
  141  14:37  Marine  
  141  14:38  Marine  
  146  14:39  Marauder x2  
  146  14:44  SCV x3  
  154  14:46  Marauder  
  156  14:53  Marine  
  156  14:55  Marine  
  156  14:56  Marine  
  159  15:00  SCV x4, Marauder, Marine  
Show
View Real Time Build Order
Export as new Build Order

BalsaMiKe Protoss 

Build Orders: 1 Gate Expand 

Get SALT Encoding   

  12  0:01  Probe  
  13  0:13  Probe  
  14  0:19  Pylon  
  14  0:25  Probe  
  15  0:37  Probe (Chrono Boost)  
  15  0:40  Gateway  
  16  0:49  Probe (Chrono Boost)  
  17  0:53  Probe (Chrono Boost)  
  18  1:04  Probe  
  19  1:21  Nexus  
  19  1:32  Cybernetics Core  
  19  1:33  Assimilator  
  19  1:44  Probe  
  20  1:51  Assimilator  
  20  1:56  Probe  
  21  2:03  Zealot  
  23  2:15  Pylon  
  23  2:18  Pylon  
  23  2:32  Probe (Chrono Boost)  
  23  2:34  Probe (Chrono Boost)  
  24  2:39  Pylon  
  25  2:44  Probe (Chrono Boost)  
  25  2:45  Adept (Chrono Boost)  
  25  2:46  Probe (Chrono Boost)  
  25  2:51  Probe (Chrono Boost)  
  28  2:52  Probe (Chrono Boost)  
  28  2:54  Forge  
  28  2:57  Probe  
  29  3:03  Probe  
  32  3:20  Probe (Chrono Boost)  
  32  3:24  Assimilator  
  32  3:25  Probe (Chrono Boost)  
  33  3:28  Assimilator  
  33  3:29  Probe (Chrono Boost), Photon Cannon  
  33  3:33  Probe (Chrono Boost)  
  35  3:34  Probe (Chrono Boost)  
  35  3:36  Stargate  
  36  3:44  Shield Battery  
  36  3:46  Probe (Chrono Boost)  
  38  3:49  Probe (Chrono Boost)  
  38  3:54  Probe (Chrono Boost)  
  39  3:57  Probe (Chrono Boost)  
  39  4:00  Pylon  
  40  4:04  Warp Gate  
  40  4:08  Probe  
  40  4:09  Gateway  
  41  4:13  Probe  
  42  4:20  Probe, Stargate  
  43  4:25  Oracle  
  46  4:40  Pylon  
  46  4:55  Photon Cannon  
  46  4:58  Photon Cannon  
  46  5:00  Shield Battery  
  46  5:02  Shield Battery  
  46  5:03  Probe x2 (Chrono Boost)  
  46  5:04  Shield Battery  
  46  5:05  Pylon  
  48  5:07  Phoenix x2  
  48  5:13  Probe x2 (Chrono Boost)  
  54  5:18  Probe (Chrono Boost)  
  54  5:20  Probe  
  56  5:29  Nexus  
  56  5:33  Pylon  
  52  6:04  Phoenix x2  
  56  6:07  Fleet Beacon  
  60  6:11  Stalker  
  60  6:12  Adept  
  59  6:21  Photon Cannon  
  59  6:24  Photon Cannon  
  58  6:26  Robotics Facility  
  58  6:38  Robotics Facility  
  58  6:42  Stalker x2  
  62  6:58  Tempest x2  
  62  7:00  Probe (Chrono Boost)  
  75  7:01  Probe (Chrono Boost)  
  75  7:03  Anion Pulse-Crystals (Chrono Boost)  
  75  7:05  Probe (Chrono Boost)  
  75  7:11  Probe x2 (Chrono Boost)  
  75  7:15  Probe (Chrono Boost)  
  78  7:16  Probe x2 (Chrono Boost)  
  78  7:27  Stargate  
  77  7:37  Probe x3  
  77  7:41  Phoenix x2  
  85  7:51  Probe (Chrono Boost)  
  85  7:55  Pylon  
  85  7:56  Probe (Chrono Boost)  
  85  7:57  Probe (Chrono Boost), Pylon  
  86  8:00  Assimilator  
  86  8:01  Probe (Chrono Boost)  
  86  8:03  Observer (Chrono Boost), Assimilator  
  86  8:05  Probe x2 (Chrono Boost)  
  90  8:06  Probe (Chrono Boost), Phoenix  
  93  8:15  Probe, Observer (Chrono Boost)  
  93  8:16  Stalker  
  93  8:17  Stalker  
  99  8:22  Probe x2 (Chrono Boost)  
  99  8:24  Photon Cannon  
  99  8:27  Shield Battery  
  101  8:30  Shield Battery  
  101  8:31  Photon Cannon  
  104  8:34  Probe (Chrono Boost)  
  104  8:35  Probe x2 (Chrono Boost)  
  104  8:36  Observer  
  104  8:39  Phoenix x2  
  105  8:43  Probe (Chrono Boost)  
  106  8:52  Probe  
  106  8:53  Probe  
  106  8:54  Probe  
  109  8:57  Observer  
  109  9:01  Shield Battery  
  110  9:03  Shield Battery  
  110  9:04  Pylon x2  
  110  9:05  Probe (Chrono Boost)  
  110  9:07  Probe (Chrono Boost)  
  110  9:08  Sentry x2  
  110  9:09  Probe (Chrono Boost)  
  117  9:14  Protoss Shields Level 1 (Chrono Boost)  
  117  9:17  Protoss Air Weapons Level 1 (Chrono Boost)  
  117  9:22  Probe (Chrono Boost)  
  120  9:24  Probe x2 (Chrono Boost)  
  120  9:33  Stalker x2  
  124  9:43  Gateway  
  124  9:44  Gateway, Immortal  
  124  9:46  Gateway  
  128  10:01  Phoenix  
  128  10:02  Phoenix  
  132  10:07  Pylon  
  132  10:08  Pylon  
  132  10:09  Phoenix  
  132  10:10  Pylon  
  132  10:12  Pylon x2  
  132  10:13  Pylon  
  132  10:14  Pylon x2  
  130  10:17  Pylon  
  128  10:33  Pylon  
  128  10:36  Photon Cannon  
  128  10:37  Tempest x2  
  128  10:39  Photon Cannon  
  128  10:41  Photon Cannon  
  138  10:42  Shield Battery  
  138  10:43  Shield Battery  
  138  10:54  Zealot  
  138  10:55  Zealot, Stalker x3  
  148  11:06  Flux Vanes  
  148  11:12  Void Ray (Chrono Boost)  
  152  11:18  Protoss Air Armor Level 1  
  152  11:21  Archon, Void Ray (Chrono Boost)  
  152  11:22  Archon  
  139  11:37  Carrier (Chrono Boost)  
  111  11:47  Nexus  
  111  11:50  Zealot x2, Pylon  
  111  11:51  Zealot x2  
  111  11:52  Pylon, Zealot  
  111  11:54  Pylon  
  121  11:57  Protoss Ground Armor Level 1 (Chrono Boost)  
  121  12:11  Twilight Council  
  121  12:27  Zealot x3  
  121  12:28  Zealot x2  
  131  12:30  Carrier  
  141  12:42  Immortal  
  125  12:54  Photon Cannon  
  125  12:55  Photon Cannon  
  125  12:57  Photon Cannon  
  125  12:59  Photon Cannon  
  125  13:01  Shield Battery  
  125  13:03  Tempest x2  
  125  13:05  Shield Battery  
  129  13:06  Probe (Chrono Boost)  
  130  13:16  Probe (Chrono Boost)  
  131  13:20  Charge (Chrono Boost)  
  131  13:21  Probe (Chrono Boost), Zealot x5  
  142  13:28  Void Ray  
  142  13:31  Gateway  
  142  13:32  Gateway  
  142  13:40  Photon Cannon  
  135  13:42  Probe (Chrono Boost)  
  135  13:45  Assimilator  
  135  13:47  Probe x3 (Chrono Boost)  
  134  13:49  Assimilator, Sentry  
  134  13:50  Sentry x2  
  134  13:51  Probe (Chrono Boost)  
  131  13:56  Probe  
  131  14:01  Nexus  
  132  14:09  Probe  
  120  14:26  Stalker  
  120  14:27  Zealot x2  
  120  14:28  Zealot x3  
Show
View Real Time Build Order
Export as new Build Order

PiouMiKe Zerg 

Build Orders: Hatch First 

Get SALT Encoding   

  12  0:02  Drone  
  13  0:08  Drone  
  14  0:17  Overlord  
  15  0:35  Drone x2  
  15  0:40  Drone  
  17  0:57  Drone  
  17  0:59  Hatchery, Drone  
  18  1:06  Extractor  
  18  1:09  Drone  
  18  1:25  Drone, Spawning Pool  
  18  1:49  Drone  
  18  1:50  Drone  
  20  1:59  Drone  
  21  2:12  Metabolic Boost  
  21  2:13  Queen x2  
  25  2:20  Drone x3  
  25  2:21  Spine Crawler  
  27  2:25  Drone  
  28  2:34  Overlord  
  28  2:55  Drone  
  28  2:56  Drone x5  
  33  3:23  Roach Warren  
  33  3:24  Lair  
  33  3:25  Overlord  
  32  3:27  Drone  
  32  3:28  Drone x2  
  35  3:42  Extractor, Zergling x2  
  35  3:43  Zergling x2, Overlord  
  36  3:51  Zergling x6  
  36  3:52  Zergling x4  
  41  3:59  Queen  
  43  4:16  Drone x3  
  47  4:17  Drone x2  
  47  4:21  Hatchery  
  47  4:34  Queen  
  49  4:44  Drone x2  
  49  4:45  Drone  
  52  4:46  Overlord x2  
  52  4:52  Glial Reconstitution, Burrow  
  52  5:01  Overlord  
  52  5:07  Extractor  
  51  5:25  Drone x6  
  57  5:35  Nydus Network  
  56  5:38  Drone x6  
  56  5:39  Drone x2  
  64  5:46  Extractor  
  63  5:55  Evolution Chamber  
  62  5:59  Evolution Chamber  
  62  6:01  Evolution Chamber  
  62  6:03  Queen  
  62  6:06  Drone x2, Spore Crawler x2  
  62  6:07  Drone x5  
  62  6:08  Drone x5  
  72  6:11  Tunneling Claws  
  72  6:12  Queen  
  72  6:13  Queen  
  76  6:33  Spore Crawler  
  76  6:36  Spore Crawler  
  60  7:02  Zerg Melee Weapons Level 1  
  60  7:04  Zerg Missile Weapons Level 1, Hydralisk Den  
  60  7:05  Zerg Ground Armor Level 1  
  55  7:21  Drone x5  
  55  7:22  Drone x6  
  64  7:23  Drone x5  
  64  7:24  Overlord  
  69  7:39  Hydralisk x2  
  73  7:46  Extractor  
  73  7:48  Extractor  
  71  8:04  Hydralisk x3, Spore Crawler  
  76  8:10  Hydralisk  
  78  8:14  Hatchery  
  77  8:35  Overlord  
  77  8:38  Hydralisk x6  
  89  9:02  Overlord x3  
  89  9:17  Overlord x2  
  89  9:19  Zerg Melee Weapons Level 2  
  89  9:20  Zerg Missile Weapons Level 2  
  89  9:21  Zerg Ground Armor Level 2  
  89  9:23  Hydralisk x2  
  89  9:24  Hydralisk x2  
  91  9:26  Zergling x10  
  91  9:27  Zergling x10  
  91  9:28  Zergling x10  
  112  9:33  Overseer  
  112  9:42  Drone x5  
  112  9:43  Drone x3  
  120  9:57  Hydralisk x3  
  126  10:07  Hydralisk  
  126  10:08  Hydralisk x4  
  126  10:12  Overlord x3  
  115  10:45  Hydralisk x3  
  115  10:46  Hydralisk x5  
  115  10:47  Hydralisk x2  
  132  11:15  Grooved Spines  
  132  11:39  Hatchery  
  131  11:40  Hydralisk x3  
  131  11:41  Hydralisk x6  
  131  11:44  Zergling x2  
  131  11:45  Zergling x2  
  128  12:06  Hydralisk  
  128  12:07  Hydralisk x3  
  130  12:26  Muscular Augments  
  81  12:45  Zergling x6  
  81  12:46  Zergling x10  
  81  12:47  Zergling x8  
  93  12:59  Drone  
  93  13:00  Drone x4  
  98  13:16  Drone x4  
  68  13:42  Hydralisk x3  
  68  13:43  Hydralisk x3  
  68  13:44  Hydralisk  
  60  14:15  Hydralisk x2  
  60  14:16  Hydralisk x3  
  70  14:40  Drone x3  
  70  14:41  Drone x4  
Tags
 
Add a new tag
Caveats
  • Supply blocks, unpowered buildings, or Contaminate may cause inaccurate times.
  • Supply counts are checked every 10 seconds.